 Dungeon Crawl Stone Soup version 0.31-a0-277-g31ea1f65cc (webtiles) character file.

Game seed: 3997825563235277220

78 cforsyth the Ruffian (level 4, -8/40 HPs)
             Began as a Meteoran Shapeshifter on July 15, 2023.
             Mangled by an ogre
             ... wielding a +0 giant club
              (9 damage)
             ... on level 4 of the Dungeon.
             The game lasted 00:02:53 (601 turns).

cforsyth the Ruffian (Meteoran Shapeshifter)         Turns: 601, Time: 00:02:54

Health: -8/40      AC:  8    Str: 19    XL:     4   Next: 93%
Magic:  5/5        EV:  8    Int:  9    God:
Gold:   31         SH:  0    Dex: 14    Spells: 3/3 levels left

rFire   . .          .
                       - Unarmed
rCold   . . .        (no shield)
rNeg    . . .        i - +0 chain mail
rPois   .            (helmet currently unavailable)
rElec   .            (cloak currently unavailable)
rCorr   .            (gloves currently unavailable)
SInv    .            (boots currently unavailable)
Will    .....        (no amulet) Stlth
                     (no ring)
HPRegen 0.26/turn    (no ring)
MPRegen 0.09/turn

%: no passive effects
@: beast-form, glowing
A: beast (slay +2), sense surroundings 1, otherworldly, glowing, explore regen
a: Begin Untransformation


You were on level 4 of the Dungeon.
You were a hulking beast.
You visited 1 branch of the dungeon, and saw 5 of its levels.

You collected 31 gold pieces.

Inventory:

Armour
 a - a +0 animal skin
 i - a +0 chain mail (worn)
Talismans
 c - a beast talisman
Wands
 e - a wand of flame (18)
Scrolls
 g - a scroll of torment {unknown}
 h - a scroll of enchant weapon {unknown}
Potions
 b - a potion of lignification
 d - a potion of resistance {unknown}
 f - a potion of berserk rage {unknown}


   Skills:
 + Level 3.8 Fighting
 - Level 2.4 Dodging
 + Level 4.1 Unarmed Combat
 - Level 3.6 Shapeshifting


You had 3 spell levels left.
You didn't know any spells.
Your spell library was empty.

Dungeon Overview and Level Annotations

Branches:
Dungeon (5/15) Zot: 2404
 Temple: D:4-7

Altars:
The Shining One

Shops:
D:2 *


Innate Abilities, Weirdness & Mutations

You are a hulking beast.
Your limbs bulge with bestial killing power. (Slay +2)
You passively map a small area around you.
You are easily found by Zot.
You glow in the dark.
You regain HP and MP as you explore.


Message History

There is an open door here.
There is an open door here.
There is a stone staircase leading down here.
You climb downwards.
There is a stone staircase leading up here.
You climb upwards.
There is a stone staircase leading down here.
There is an open door here.
You see here a +0 short sword.
You open the door.
An ogre comes into view. It is wielding a +0 giant club.
The ogre shouts!
There is an open door here.
You hit the ogre.
The ogre is lightly wounded.
The ogre hits you with a +0 giant club.
You hit the ogre.
The ogre is lightly wounded.
The ogre barely misses you.
You closely miss the ogre.
The ogre is lightly wounded.
You barely miss the ogre. You punch the ogre.
The ogre is lightly wounded.
The ogre hits you but does no damage.
You punch the ogre!
The ogre is heavily wounded.
You hit the ogre.
The ogre is heavily wounded.
The ogre hits you with a +0 giant club!
You punch the ogre!
The ogre is severely wounded.
The ogre hits you with a +0 giant club!!
Ouch! That really hurt!
* * * LOW HITPOINT WARNING * * *
You barely miss the ogre.
The ogre is severely wounded.
You hit the ogre.
The ogre is almost dead.
The ogre hits you with a +0 giant club!
You die...

#.####.###>....#.#..
#....)...'...†)'.#..
#######.###.....#.#,
#.........#.....###
#...###.#.#........
#... #..#.#..#......
#... #..#
##..#####..
#...##.## ##.#* .
#..Oh...#, #..*
#...##### * .......,
, , ####### * , , *
* , * * * *,* , *


You could see an ogre.

Vanquished Creatures
  An orc priest (D:4)
  A worm (D:4)
  2 dart slugs
  5 orcs
  2 ball pythons
  A bat (D:3)
  6 endoplasms
  3 goblins
  2 hobgoblins
  2 quokkas
  2 frilled lizards
  5 kobolds
  3 rats
35 creatures vanquished.

Notes
Turn   | Place    | Note
-------+----------+-------------------------------------------
     0 | D:1      | cforsyth the Meteoran Shapeshifter began the quest for the
                  | Orb.
     0 | D:1      | Reached XP level 1. HP: 17/17 MP: 2/2
     2 | D:1      | Noticed a demigod
     2 | D:1      | Noticed a formicid
     4 | D:1      | Noticed a meteoran
     4 | D:1      | Noticed a naga
     6 | D:1      | Noticed a gargoyle
     6 | D:1      | Noticed an armataur
     8 | D:1      | Noticed a demonspawn
    10 | D:1      | Noticed a troll
    10 | D:1      | Noticed a ghoul
    12 | D:1      | Noticed an ogre
    12 | D:1      | Noticed a draconian
    14 | D:1      | Noticed a merfolk
    14 | D:1      | Noticed a felid
    17 | D:1      | Noticed a tengu
    17 | D:1      | Noticed a human
    19 | D:1      | Noticed a minotaur
    21 | D:1      | Noticed an octopode
    21 | D:1      | Noticed a vampire
    23 | D:1      | Noticed a vine stalker
    23 | D:1      | Noticed a spriggan
    25 | D:1      | Noticed a draconian
    27 | D:1      | Noticed a gargoyle
    27 | D:1      | Noticed a minotaur
   157 | D:1      | Reached XP level 2. HP: 21/25 MP: 3/3
   160 | D:1      | Reached skill level 3 in Unarmed Combat
   197 | D:2      | Found a glowing golden altar of the Shining One.
   254 | D:2      | Found Karinou's Assorted Antiques.
   273 | D:2      | Reached XP level 3. HP: 30/30 MP: 4/4
   520 | D:4      | Reached skill level 4 in Unarmed Combat
   520 | D:4      | Reached XP level 4. HP: 16/40 MP: 5/5
   556 | D:5      | Entered Level 5 of the Dungeon
   591 | D:4      | Noticed an ogre
   599 | D:4      | HP: 1/40 [ogre/+0 giant club (24)]
   601 | D:4      | Mangled by an ogre

Illustrated notes

Levels and vault maps discovered:
D:1:      kb_arrival_jail, layout_basic, ebering_ecumenical_altar_webs
D:2:      layout_basic, serial_shops, shop, basic_altar
D:3:      layout_basic, minmay_quadrilaterals, uniq_grinder
D:4:      layout_basic, serial_shops, shop, sigmund_army, uniq_natasha,
          uniq_menkaure
D:5:      layout_basic, grunt_temple_overflow_open, uniq_pikel

Skill      XL: |  1  2  3 |
---------------+----------+-----
Unarmed Combat | 3 4 |  4.1
Fighting       | 3 |  3.8
Dodging        | |  2.4
Shapeshifting  | |  3.6

Action                     |  1- 3 |  4- 6 || total
---------------------------+-------+-------++-------
  Melee: Unarmed           |    61 |    26 ||    87
         Punch             |     1 |     1 ||     2
 Armour: Animal skin       |     7 |       ||     7
         Chain mail        |     5 |    10 ||    15
  Dodge: Dodged            |    29 |     5 ||    34

Table legend: (Time is in decaauts)
 A = Elapsed time spent in this place.
 B = Non-inter-level travel time spent in this place.
 C = Inter-level travel time spent in this place.
 D = Time resting spent in this place.
 E = Time spent auto-exploring this place.
 F = Levels seen in this place.
 G = Mean time per level.
                   A        B        C        D        E       F      G
               +--------+--------+--------+--------+--------+-----+--------+
         Total |    595 |    595 |      0 |      0 |      0 |   5 |  119.0 |
       Dungeon |    595 |    595 |      0 |      0 |      0 |   5 |  119.0 |
               +--------+--------+--------+--------+--------+-----+--------+

Top non-repeatable levels by time:
     D:1: 184 daAuts
     D:3: 183 daAuts
     D:2: 129 daAuts
     D:4: 95 daAuts
     D:5: 1 daAuts
